 Dungeon Crawl Stone Soup version 0.19.4 (console) character file.

172584 Kloppie the Tortoise (level 17, -1/237 HPs)
             Began as a Minotaur Fighter on Jan 31, 2017.
             Was the Champion of Ru.
             Slain by a spark wasp (12 damage)
             ... on level 1 of the Depths.
             The game lasted 00:54:16 (32495 turns).

Kloppie the Tortoise (Minotaur Fighter)            Turns: 32495, Time: 00:54:17

Health: -1/237     AC: 28    Str: 29    XL:     17   Next: 41%
Magic:  16/16      EV:  2    Int: 11    God:    Ru [******]
Gold:   1639       SH: 16    Dex: 11    Spells: 0 memorised, 16 levels left

rFire  + + .     SeeInvis .     a - +2 broad axe {chop, Int+4}
rCold  + + .     Gourm    .     (armour currently unavailable)
rNeg   + + +     Faith    .     K - +2 shield of Resistance {rF+ rC+ MR+}
rPois  +         Spirit   .     (helmet currently unavailable)
rElec  .         Reflect  .     (cloak currently unavailable)
rCorr  .         Harm     .     (gloves currently unavailable)
MR     +++..     NoTele   +     (boots currently unavailable)
Stlth  +.........               c - amulet of regeneration
                                D - ring of protection from cold
                                J - ring of protection from fire

@: tree-form, heavily drained
A: (retaliatory headbutt), (horns 0), (slimy green scales 0), clever 1, magic
resistance 1, strong 1, no device heal 1, inability to use devices, hated by
all, unskilled 1, inexperienced 1
a: Draw Out Power, Power Leap, Apocalypse, Renounce Religion


You were on level 1 of the Depths.
You worshipped Ru.
Ru was exalted by your worship.
You were not hungry.
You were a tree.
You visited 7 branches of the dungeon, and saw 29 of its levels.
You also visited: Sewer, Ossuary and Bailey.

You collected 4104 gold pieces.
You spent 2465 gold pieces at shops.

Inventory:

Hand Weapons
 a - the +2 broad axe of Responsibility (weapon) {chop, Int+4}
   (You took it off a deep elf knight on level 3 of the Elven Halls)

   It inflicts extra damage upon your enemies.
   It affects your intelligence (+4).
 b - the +10 flail of the Pits of Slime {elec, *Noise +Inv rElec}
   (You found it on level 6 of the Lair of Beasts)

   Occasionally, upon striking a foe, it will discharge some electrical energy
   and cause terrible harm.
   It insulates you from electricity.
   It lets you turn invisible.
   It may make noises in combat.
 R - a +3 broad axe
Armour
 s - the cursed +0 chain mail of the Lily (melded) {rPois rF+ Dex-4 SInv}
   (You found it on level 3 of the Elven Halls)

   It affects your dexterity (-4).
   It protects you from fire.
   It protects you from poison.
   It lets you see invisible.
   It has a curse placed upon it.
 u - a +1 pair of gloves (melded)
 G - a +2 hat of magic resistance (melded)
 K - the +2 shield of Resistance (worn) {rF+ rC+ MR+}
   (You found it on level 5 of the Lair of Beasts)

   It protects you from fire.
   It protects you from cold.
   It affects your resistance to hostile enchantments.
 N - the +1 cloak of the King of the Hill (melded) {Regen+}
   (You bought it in a shop on level 2 of the Orcish Mines)

   It increases your rate of regeneration.
 P - a +2 pair of boots (melded)
Jewellery
 c - an amulet of regeneration (around neck)
 D - a ring of protection from cold (right branch)
 J - a ring of protection from fire (left branch)
 M - an uncursed ring of see invisible
 Q - an uncursed amulet of guardian spirit
Scrolls
 d - 3 scrolls of magic mapping
 l - 4 scrolls of identify
 m - 16 scrolls of remove curse
 r - 3 scrolls of fear
 v - 4 scrolls of blinking
 x - 4 scrolls of enchant armour
 y - 2 scrolls of enchant weapon
 A - 5 scrolls of teleportation
 L - 4 scrolls of fog
 T - 2 scrolls of amnesia
Potions
 e - 5 potions of curing
 h - 5 potions of haste
 j - 3 potions of might
 o - 2 potions of lignification
 q - 7 potions of cancellation
 z - 3 potions of berserk rage
 B - 4 potions of agility
 C - a potion of cure mutation
 E - a potion of flight
 F - 2 potions of ambrosia
 I - 2 potions of magic
Comestibles
 f - 22 bread rations
 g - 9 chunks of flesh
 i - 9 beef jerkies
 k - 4 slices of pizza
 n - 38 fruits
 t - 11 meat rations


   Skills:
 + Level 16.2(14.3) Fighting
 - Level 18.1(16.1) Axes
 - Level 20.4(18.4) Armour
 - Level 3.5(2.1) Dodging
 - Level 15.0(13.1) Shields


You had 16 spell levels left.
You didn't know any spells.

Dungeon Overview and Level Annotations

Branches:
Dungeon (15/15)            Temple (1/1) D:5            Lair (6/6) D:10
 Shoals (0/4) Lair:3        Snake (1/4) Lair:2        Slime (0/5) Lair:6
    Orc (2/2) D:12            Elf (3/3) Orc:2        Vaults (0/5) D:13
 Depths (1/5) D:15

Altars:
Ashenzari
Cheibriados
Dithmenos
Elyvilon
Fedhas
Gozag
Hepliaklqana
Kikubaaqudgha
Makhleb
Nemelex Xobeh
Okawaru
Qazlal
Ru
Sif Muna
Trog
Uskayaw
Vehumet
Xom
Yredelemnul
Zin
The Shining One
Beogh
Jiyva

Shops:
D:4 ?   D:5 *   Orc:1 :   Orc:2 }!}![(}%(   Elf:1 %

Portals:
Hell: Depths:1
Pandemonium: Orc:2 Depths:1

Annotations:
D:8 exclusions: ice statue and orange crystal statue
Snake:1 exclusions: Roxanne and oklob plant, Roxanne
Elf:2 3 runed doors


Innate Abilities, Weirdness & Mutations

((You reflexively headbutt those who attack you in melee.))
((You have a pair of horns on your head.))
You cannot study or use magical devices.
You are hated by all.
You are somewhat unskilled. (-1 Apt)
You are somewhat inexperienced. (-2 XL)
((You are partially covered in slimy green scales. (AC +2)))
Your mind is acute. (Int +2)
You are resistant to hostile enchantments. (MR+)
Your muscles are strong. (Str +2)
Potions and wands are less effective at restoring your health.


Message History

You turn into a tree.
The +1 cloak of the King of the Hill {Regen+} melds into your body.
Your +2 hat of magic resistance melds into your body.
Your +1 pair of gloves melds into your body.
Your +2 pair of boots melds into your body.
The cursed +0 chain mail of the Lily {rPois rF+ Dex-4 SInv} melds into your body.
You feel less resistant to hostile enchantments.
Your roots penetrate the ground.
The spark wasp is stunned by your will and fails to attack.
You hit the spark wasp.
The spark wasp is almost dead.
You redirect the spark wasp's attack!
You block the spark wasp's attack.
The spark wasp stings you but does no damage.
You miss the spark wasp.
The spark wasp is almost dead.
The spark wasp stings you!
* * * LOW HITPOINT WARNING * * *
The spark wasp shocks you!
You die...

....[...........
........[.......
#######.).......
#......)........
#.#####.)....... #. #)=.......
#. #)######## ## #y# #♣#
################y#######
...............>§)......
..............c.........
.....>..................
########.....###########
#...................#
###.(......#'#.#####..########
∩......#####.#.#†#.#..........


You could see 2 spark wasps and a yaktaur.

Vanquished Creatures
  The ghost of morra the Stormcaller, an adept TeAE of Makhleb (Elf:2)
  2 deep elf master archers (Elf:3)
  A deep elf blademaster (Elf:3)
  Gastronok (D:12)
  A fire giant (Depths:1)
  3 deep elf sorcerers (Elf:3)
  An orc warlord (Bailey)
  Aizul (Snake:1)
  3 deep elf elementalists (Elf:3)
  6 deep elf annihilators (Elf:3)
  2 deep elf demonologists
  Azrael (Snake:1)
  5 deep elf death magi (Elf:3)
  3 ettins
  Josephine (D:10)
  An ogre mage (D:15)
  3 rakshasas
  3 deep elf high priests
  A great orb of eyes (Depths:1)
  2 ice dragons (Depths:1)
  Harold (D:11)
  8 vault guards (D:13)
  8 hydras
  A naga warrior (Snake:1)
  4 centaur warriors
  2 deep troll shamans (Depths:1)
  17 dancing weapons
  7 orc high priests
  A naga sharpshooter (Snake:1)
  A vampire mage (Depths:1)
  A deep troll earth mage (Depths:1)
  The ghost of ADDA the Fighter, a novice HOFi (Bailey)
  5 deep elf knights
  A small abomination (Elf:3)
  3 torturous demonspawn (Orc:2)
  An infernal demonspawn (Orc:2)
  2 deep trolls (Depths:1)
  3 unseen horrors
  A deep elf archer (Elf:3)
  5 hell knights (Depths:1)
  5 hill giants
  9 orc knights
  A wizard (Depths:1)
  A lindwurm (Lair:6)
  A wolf spider zombie (D:14)
  A necromancer (Depths:1)
  2 wolf spiders (Lair:6)
  A salamander (Snake:1)
  35 deep elf magi
  11 orc sorcerers
  A cyclops (D:12)
  A shining eye (shapeshifter) (Elf:2)
  4 ugly things
  11 elephants
  2 guardian serpents
  A siren (Lair:3)
  Joseph (D:10)
  5 black mambas
  A rust devil (Orc:2)
  20 spiny frogs
  A smoke demon (Orc:2)
  A freezing wraith (D:15)
  2 kobold demonologists
  A yaktaur (D:15)
  2 ice devils (Orc:2)
  A redback zombie (D:14)
  16 komodo dragons
  An efreet (D:13)
  8 trolls
  A tengu conjurer (D:13)
  3 meliai (D:15)
  A two-headed ogre (Orc:2)
  2 hornets (Lair:6)
  A polar bear (Lair:6)
  A wind drake (shapeshifter) (Depths:1)
  Prince Ribbit (D:8)
  14 hippogriffs
  5 slime creatures (D:15)
  17 blink frogs
  A vampire (D:13)
  9 redbacks
  A shadow (D:14)
  3 air elementals
  4 wraiths (D:10)
  A spriggan (D:7)
  2 basilisks
  A fire elemental (Snake:1)
  3 water elementals
  A ynoxinul (Orc:2)
  7 wyverns
  39 yaks
  A neqoxec (Orc:2)
  3 vampire mosquitoes (D:14)
  3 hungry ghosts
  2 mottled dragons
  2 soldier ants
  5 wargs
  Edmund (D:6)
  7 nagas
  3 hell hounds (Snake:1)
  8 porcupines
  14 water moccasins
  48 orc warriors
  3 ice beasts
  3 black bears
  2 eyes of draining (D:14)
  A sky beast (D:13)
  2 wolves
  7 ogres
  3 phantoms
  7 centaurs
  12 crocodiles
  8 big kobolds
  3 elf zombies (Ossuary)
  7 earth elementals
  Blork the orc (D:5)
  30 bullfrogs
  A wyvern zombie (D:8)
  4 gnoll sergeants
  2 scorpions
  4 killer bees (D:7)
  9 electric eels
  3 howler monkeys
  10 crimson imps
  2 centaur zombies
  2 quasits
  2 bullfrog zombies
  A human zombie (Ossuary)
  10 hounds
  13 orc wizards
  3 centaur skeletons
  31 orc priests
  6 jellies
  An iron imp (Depths:1)
  12 worker ants
  5 iguanas
  A big kobold zombie (Ossuary)
  A hound zombie (D:10)
  2 mummies (Ossuary)
  23 gnolls
  20 adders
  A river rat (Lair:6)
  4 shadow imps
  2 oozes
  An adder skeleton (D:4)
  4 worms
  2 dart slugs
  11 leopard geckos
  101 orcs
  8 giant cockroaches
  29 goblins
  25 hobgoblins
  10 jackals
  24 kobolds
  5 quokkas
  10 bats
  7 frilled lizards
  3 goblin zombies (Ossuary)
  16 hobgoblin zombies (Ossuary)
  A jackal skeleton (D:5)
  A jackal zombie (Ossuary)
  6 kobold zombies (Ossuary)
  6 orc zombies (Ossuary)
  A quokka skeleton (D:7)
  A quokka zombie (D:9)
  6 rats
  4 fungi
  3 plants (Lair:6)
1026 creatures vanquished.

Vanquished Creatures (others)
  A deep elf blademaster (Elf:3)
  2 hydras
  A dancing weapon (Elf:1)
  An iron troll (Depths:1)
  A deep elf mage (Elf:1)
  An ugly thing (Depths:1)
  2 elephants (Lair:6)
  2 spiny frogs (Lair:6)
  A redback (Elf:1)
  A water moccasin (Lair:6)
  2 orc warriors
  A scorpion (D:13)
  2 worker ants
  3 orcs
  A goblin (Orc:1)
  2 kobolds
  11 fungi (Lair:6)
  16 plants
51 creatures vanquished.

Grand Total: 1077 creatures vanquished

Notes
Turn   | Place    | Note
-------+----------+-------------------------------------------
     0 | D:1      | Kloppie the Minotaur Fighter began the quest for the Orb.
     0 | D:1      | Reached XP level 1. HP: 19/19 MP: 0/0
   187 | D:1      | Reached XP level 2. HP: 27/27 MP: 1/1
   494 | D:2      | Reached XP level 3. HP: 23/34 MP: 2/2
   800 | D:2      | Found a basalt altar of Yredelemnul.
   838 | D:2      | Reached skill level 5 in Fighting
  1121 | D:3      | Reached XP level 4. HP: 26/42 MP: 3/3
  1256 | D:3      | Found a glowing drain.
  1323 | Sewer    | Entered a sewer
  1359 | Sewer    | Noticed a crocodile
  1373 | Sewer    | Killed a crocodile
  1373 | Sewer    | Reached XP level 5. HP: 18/51 MP: 4/4
  2597 | D:4      | Reached XP level 6. HP: 40/60 MP: 5/5
  2605 | D:4      | Reached skill level 5 in Axes
  2695 | D:4      | Found a sand-covered staircase.
  2699 | Ossuary  | Entered an ossuary
  2864 | Ossuary  | Reached XP level 7. HP: 27/68 MP: 6/6
  3114 | Ossuary  | Gained mutation: You are partially covered in slimy green scales. (AC +2) [potion of mutation]
  3114 | Ossuary  | Gained mutation: You are resistant to hostile enchantments. (MR+) [potion of mutation]
  3114 | Ossuary  | Gained mutation: Your mind is acute. (Int +2) [potion of mutation]
  3531 | D:4      | Found Tijuric's Magic Scroll Boutique.
  3823 | D:5      | Entered Level 5 of the Dungeon
  4157 | D:5      | Reached skill level 5 in Shields
  4609 | D:5      | Noticed Blork the orc
  4620 | D:5      | Killed Blork the orc
  4758 | D:5      | Found Guyweuv's General Store.
  4761 | D:5      | Bought a potion of degeneration for 10 gold pieces
  4858 | D:5      | Reached XP level 8. HP: 69/75 MP: 7/7
  5008 | D:5      | Found a staircase to the Ecumenical Temple.
  5174 | Temple   | Entered the Ecumenical Temple
  5362 | Temple   | Became a worshipper of Ru the Awakened
  5458 | D:6      | Noticed Edmund
  5464 | D:6      | Killed Edmund
  5788 | D:6      | Reached skill level 4 in Armour
  6318 | D:7      | Reached skill level 5 in Armour
  6543 | D:7      | Gained mutation: You are somewhat inexperienced. (-2 XL) [Ru sacrifice]
  6543 | D:7      | Reached XP level 7. HP: 69/69 MP: 6/6
  6543 | D:7      | Reached XP level 6. HP: 62/62 MP: 5/5
  6543 | D:7      | Reached * piety under Ru
  6563 | D:7      | Reached skill level 6 in Armour
  6563 | D:7      | Reached XP level 7. HP: 69/69 MP: 6/6
  6697 | D:7      | Noticed a hippogriff
  6706 | D:7      | Killed a hippogriff
  6706 | D:7      | Reached skill level 7 in Armour
  6721 | D:7      | Noticed a hippogriff
  6732 | D:7      | Killed a hippogriff
  6732 | D:7      | Reached XP level 8. HP: 72/75 MP: 7/7
  7707 | D:8      | Noticed Prince Ribbit
  7717 | D:8      | Killed Prince Ribbit
  7721 | D:8      | Found a stormy altar of Qazlal.
  7873 | D:8      | Reached XP level 9. HP: 70/82 MP: 8/8
  7905 | D:8      | Noticed an orange crystal statue
  8007 | D:8      | Reached skill level 10 in Shields
  8250 | D:8      | Noticed an ice statue
  8453 | D:8      | Reached skill level 10 in Axes
  8953 | D:9      | Gained mutation: You are hated by all. [Ru sacrifice]
  8953 | D:9      | Reached ** piety under Ru
  9284 | D:10     | Entered Level 10 of the Dungeon
  9284 | D:10     | Found a staircase to the Lair.
  9285 | D:10     | Noticed an elephant
  9303 | D:9      | Killed an elephant
  9303 | D:9      | Reached XP level 10. HP: 69/90 MP: 9/9
  9739 | D:10     | Noticed Josephine
  9768 | D:10     | Killed Josephine
 10095 | D:10     | Noticed Joseph
 10110 | D:10     | Killed Joseph
 10502 | D:10     | Reached XP level 11. HP: 69/95 MP: 10/10
 10885 | Lair:1   | Entered Level 1 of the Lair of Beasts
 10903 | Lair:1   | Gained mutation: You are somewhat unskilled. (-1 Apt) [Ru sacrifice]
 10903 | Lair:1   | Reached *** piety under Ru
 10903 | Lair:1   | Reached **** piety under Ru
 10918 | Lair:1   | Noticed a seven-headed hydra
 10928 | Lair:1   | Killed a seven-headed hydra
 12792 | Lair:2   | Noticed an eight-headed hydra
 12822 | Lair:1   | Killed an eight-headed hydra
 13133 | Lair:2   | Found a staircase to the Snake Pit.
 13181 | Lair:2   | Reached skill level 15 in Shields
 13181 | Lair:2   | Reached XP level 12. HP: 75/101 MP: 11/11
 13598 | Lair:2   | Gained mutation: You cannot study or use magical devices. [Ru sacrifice]
 13598 | Lair:2   | Reached ***** piety under Ru
 13598 | Lair:2   | Reached ****** piety under Ru
 13947 | Lair:3   | Found a staircase to the Shoals.
 14245 | Lair:3   | Noticed a seven-headed hydra
 14256 | Lair:3   | Killed a seven-headed hydra
 14650 | Lair:3   | Reached skill level 10 in Fighting
 14865 | Lair:3   | Noticed a seven-headed hydra
 14879 | Lair:3   | Killed a seven-headed hydra
 15943 | Lair:4   | Noticed a six-headed hydra
 15960 | Lair:4   | Killed a six-headed hydra
 16759 | Lair:5   | Noticed a five-headed hydra
 16829 | Lair:5   | Killed a five-headed hydra
 17029 | Lair:5   | Noticed a four-headed hydra
 17042 | Lair:5   | Killed a four-headed hydra
 17042 | Lair:5   | Reached skill level 8 in Armour
 17200 | Lair:5   | Reached XP level 13. HP: 99/116 MP: 12/12
 17340 | Lair:5   | Reached skill level 9 in Armour
 17758 | Lair:6   | Entered Level 6 of the Lair of Beasts
 18235 | Lair:6   | Found a runed door.
 18236 | Lair:6   | Found a viscous altar of Jiyva.
 18293 | Lair:6   | Reached skill level 10 in Armour
 18487 | Lair:6   | Got a bloodstained flail
 18492 | Lair:6   | Identified the +10 flail of the Pits of Slime {elec, *Noise +Inv rElec} (You found it on level 6 of the Lair of Beasts)
 18869 | Lair:6   | Reached skill level 11 in Armour
 19400 | Lair:6   | Reached skill level 12 in Armour
 19479 | Lair:6   | Found a staircase to the Slime Pits.
 19667 | Lair:1   | Reached skill level 1 in Dodging
 19882 | D:11     | Noticed Harold
 19900 | D:11     | Killed Harold
 20033 | D:11     | Reached XP level 14. HP: 70/124 MP: 13/13
 20549 | D:12     | Noticed Gastronok
 20563 | D:12     | Killed Gastronok
 20563 | D:12     | Reached skill level 15 in Axes
 20702 | D:12     | Found a staircase to the Orcish Mines.
 21121 | Orc:1    | Entered Level 1 of the Orcish Mines
 21121 | Orc:1    | Found Jerphum's Book Shoppe.
 21174 | Orc:1    | Found a flagged portal.
 21201 | Bailey   | Entered a bailey
 21201 | Bailey   | Noticed ADDA's ghost (novice HOFi)
 21215 | Bailey   | Killed ADDA's ghost
 21484 | Bailey   | Noticed an orc warlord
 21543 | Bailey   | Killed an orc warlord
 21991 | Orc:1    | Identified a scroll of acquirement
 21992 | Orc:1    | Got an ichor-stained executioner's axe
 21993 | Orc:1    | Identified the +4 executioner's axe "Xaihom Geva" {drain, *Noise *Slow rPois Stlth+} (You acquired it on level 1 of the Orcish Mines)
 22083 | Orc:1    | Found a roughly hewn altar of Beogh.
 22373 | Orc:2    | Entered Level 2 of the Orcish Mines
 22376 | Orc:2    | Found Dico's Food Boutique.
 22408 | Orc:2    | Found Pootowome's Antique Weapon Shoppe.
 22511 | Orc:2    | Found Majov's Antique Weapon Boutique.
 22574 | Orc:2    | Found Codiaz's Gadget Shoppe.
 22881 | Orc:2    | Found a staircase to the Elven Halls.
 22910 | Orc:2    | Found Dugan's Distillery.
 22939 | Orc:2    | Found Poxt's Distillery.
 23119 | Orc:2    | Bought a potion of cure mutation for 350 gold pieces
 23153 | Orc:2    | Gained mutation: Your muscles are strong. (Str +2) [potion of beneficial mutation]
 23265 | Orc:2    | Gained mutation: Potions and wands are less effective at restoring your health. [a neqoxec]
 23708 | Orc:2    | Reached XP level 15. HP: 115/130 MP: 14/14
 23764 | Orc:2    | Found Duphaub's Gadget Boutique.
 23764 | Orc:2    | Found Vegyll's Antique Armour Shop.
 23764 | Orc:2    | Found a one-way gate leading to the halls of Pandemonium.
 23768 | Orc:2    | Bought a faintly humming cloak for 266 gold pieces
 23768 | Orc:2    | Bought a pair of embroidered boots for 294 gold pieces
 23778 | Orc:2    | Identified the +1 cloak of the King of the Hill {Regen+} (You bought it in a shop on level 2 of the Orcish Mines)
 23874 | Orc:2    | Found Dexumok's Antique Armour Boutique.
 23906 | Orc:2    | Found Lusotz's Quality Used Wands.
 24648 | D:13     | Found a gate to the Vaults.
 24709 | D:13     | Reached skill level 13 in Armour
 25636 | Orc:1    | Bought a manual of Armour for 1545 gold pieces
 25708 | D:15     | Entered Level 15 of the Dungeon
 25774 | D:15     | Reached skill level 14 in Armour
 25815 | D:15     | Found a staircase to the Depths.
 25982 | D:15     | Found an opulent altar of Gozag.
 26197 | D:15     | Reached skill level 15 in Armour
 26668 | Elf:1    | Entered Level 1 of the Elven Halls
 26688 | Elf:1    | Reached skill level 16 in Armour
 26784 | Elf:1    | Got a bloodstained large shield
 26785 | Elf:1    | Identified the cursed +0 large shield of Dogmatism {rF++ Str-5 Dex+3} (You found it on level 1 of the Elven Halls)
 26840 | Elf:1    | Found Niyl's Food Shoppe.
 27141 | Elf:1    | Reached skill level 17 in Armour
 27383 | Elf:2    | Noticed morra's ghost (adept TeAE)
 27390 | Elf:2    | Reached XP level 16. HP: 136/140 MP: 15/15
 27393 | Elf:2    | Reached skill level 18 in Armour
 27466 | Elf:2    | Killed morra's ghost
 27844 | Elf:2    | Reached skill level 19 in Armour
 27853 | Elf:2    | Found a runed gate.
 27853 | Elf:2    | Found a runed gate.
 27853 | Elf:2    | Found a runed gate.
 27948 | Elf:3    | Entered Level 3 of the Elven Halls
 28762 | Elf:3    | Reached skill level 20 in Armour
 28763 | Elf:3    | Noticed a deep elf blademaster
 28771 | Elf:3    | Noticed a deep elf master archer
 28772 | Elf:3    | Noticed a deep elf blademaster
 28776 | Elf:3    | Noticed a deep elf master archer
 29099 | Elf:3    | Killed a deep elf master archer
 29245 | Elf:3    | Killed a deep elf blademaster
 29560 | Elf:3    | Killed a deep elf master archer
 29582 | Elf:3    | Killed a deep elf blademaster
 29585 | Elf:3    | Got a twisted chain mail
 29586 | Elf:3    | Identified the cursed +0 chain mail of the Lily {rPois rF+ Dex-4 SInv} (You found it on level 3 of the Elven Halls)
 29805 | Elf:3    | Got a heavily runed granite ring
 29806 | Elf:3    | Identified the ring "Migi" {+Blink +Fly} (You took it off a deep elf high priest on level 3 of the Elven Halls)
 29970 | Elf:3    | Reached XP level 17. HP: 147/154 MP: 16/16
 30022 | Elf:3    | Got an uncursed crystal broad axe {chop}
 30026 | Elf:3    | Identified the +2 broad axe of Responsibility {chop, Int+4} (You took it off a deep elf knight on level 3 of the Elven Halls)
 30079 | Elf:3    | Got a translucent chain mail
 30080 | Elf:3    | Identified the cursed +0 chain mail of the Wumpus {Regen+ MP+9 Dex-4 SInv} (You found it on level 3 of the Elven Halls)
 30136 | Elf:3    | Identified the Reference Book on Evil Secrets and Ice
 30582 | Snake:1  | Entered Level 1 of the Snake Pit
 31376 | Snake:1  | Noticed Aizul
 31407 | Snake:1  | Killed Aizul
 31503 | Snake:1  | Noticed Roxanne
 31503 | Snake:1  | Noticed Azrael
 31523 | Snake:1  | Killed Azrael
 31996 | Depths:1 | Entered Level 1 of the Depths
 32021 | Depths:1 | Reached skill level 15 in Fighting
 32142 | Depths:1 | Found a gateway to Hell.
 32495 | Depths:1 | HP: 11/237 [spark wasp (13)]
 32495 | Depths:1 | Slain by a spark wasp

Skill      XL: |  1  2  3  4  5  6  7  8  9 10 11 12 13 14 15 16 17 |
---------------+----------------------------------------------------+-----
Fighting       | 4 5 6 7 8 7 11 12 14 16 | 16.2
Axes           | 3 4 8 6 9 10 11 12 13 14 17 18 | 18.1
Shields        | 6 9 11 13 15 | 15.0
Armour         | 6 7 5 8 12 17 20 | 20.4
Dodging        | 3 |  3.5

Action                   |  1- 3 |  4- 6 |  7- 9 | 10-12 | 13-15 | 16-18 || total
-------------------------+-------+-------+-------+-------+-------+-------++-------
Melee: War axe           |    81 |   180 |   448 |   622 |   786 |       ||  2117
       Headbutt          |     7 |    21 |    94 |   182 |   397 |   114 ||   815
       Flail             |       |       |       |    61 |    27 |       ||    88
       Broad axe         |       |       |       |       |   884 |   707 ||  1591
Invok: Sacrifice Experie |       |     1 |       |       |       |       ||     1
       Sacrifice Love    |       |       |     1 |       |       |       ||     1
       Draw Out Power    |       |       |       |     5 |     4 |     4 ||    13
       Sacrifice Skill   |       |       |       |     1 |       |       ||     1
       Sacrifice Artific |       |       |       |     1 |       |       ||     1
       Apocalypse        |       |       |       |       |     1 |     3 ||     4
  Use: Scroll            |     2 |       |    18 |     6 |    10 |    10 ||    46
       Potion            |       |     4 |     7 |     3 |     5 |     7 ||    26
 Stab: Invisible         |       |       |       |    11 |    12 |     8 ||    31
       Distracted        |       |       |       |     3 |     7 |     3 ||    13
       Paralysed         |       |       |       |     2 |    12 |       ||    14
  Eat: Chunk             |     1 |     5 |    38 |    26 |    23 |     6 ||    99
       Meat ration       |       |       |       |       |     1 |     2 ||     3
       Royal jelly       |       |       |       |       |       |     1 ||     1
Armor: Scale mail        |    28 |    72 |    70 |       |       |       ||   170
       Plate armour      |       |     2 |   147 |   313 |   513 |   181 ||  1156
       Skin              |       |       |       |    34 |       |     1 ||    35
       Chain mail        |       |       |       |       |       |    66 ||    66
Dodge: Dodged            |    20 |    51 |   100 |   171 |   218 |    90 ||   650
Block: Shield            |    35 |    76 |   264 |   486 |   943 |   308 ||  2112
